 Dungeon Crawl Stone Soup version 0.30-a0-702-gdf48620a09 (webtiles) character file.

Game seed: 2974368572453826232

240 HoaS the Ruffian (level 5, 0/41 HPs)
             Began as a Demigod Gladiator on Jan 21, 2023.
             Succumbed to a scorpion's poison
             ... on level 3 of the Dungeon.
             The game lasted 00:06:20 (2374 turns).

HoaS the Ruffian (Demigod Gladiator)                Turns: 2374, Time: 00:06:21

Health: 0/41       AC: 14    Str: 19    XL:     5   Next: 50%
Magic:  7/7        EV:  8    Int: 10    God:
Gold:   96         SH:  0    Dex: 21    Spells: 4/4 levels left

rFire   . . .      SeeInvis .      - Unarmed
rCold   . . .      Faith    .    (no shield)
rNeg    . . .      Spirit   .    o - +0 chain mail
rPois   .          Reflect  .    b - +1 helmet
rElec   .          Harm     .    (no cloak)
rCorr   .          Rampage  .    (no gloves)
Will    .....                    (no boots) Stlth
                                 f - amulet of the acrobat
HPRegen 0.26/turn                e - +4 ring of protection
MPRegen 0.10/turn                g - +6 ring of dexterity

@: lethally poisoned (0 -> -4)
A: high MP 1, forlorn, divine attributes
a: no special abilities


You were on level 3 of the Dungeon.
You visited 1 branch of the dungeon, and saw 4 of its levels.

You collected 96 gold pieces.

Inventory:

Missiles
 a - 5 silver javelins
 c - 3 throwing nets (quivered)
 d - a javelin
 l - 2 boomerangs
Armour
 b - a +1 helmet (worn)
 o - a +0 chain mail (worn)
Jewellery
 e - a +4 ring of protection (left hand)
 f - an amulet of the acrobat (around neck)
 g - a +6 ring of dexterity (right hand)
Scrolls
 h - 2 scrolls of magic mapping
 i - a scroll of teleportation
 p - a scroll of blinking
Potions
 k - a potion of invisibility
 n - a potion of ambrosia {unknown}
 q - a potion of berserk rage {unknown}


   Skills:
 - Level 1.7 Fighting
 - Level 1.7 Throwing
 - Level 2.6 Dodging
 + Level 6.0 Unarmed Combat


You had 4 spell levels left.
You didn't know any spells.
Your spell library contained the following spells:

 Spells                   Type           Power      Damage    Failure   Level
 Ignite Poison            Fire/Tmut/Pois 0%         N/A       100%        3
 Kindle Blastsparks       Fire/Tloc/Air  0%         2d10      100%        3
 Ozocubu's Armour         Ice            0%         N/A       100%        3
 Stone Arrow              Conj/Erth      0%         3d7       100%        3
 Animate Armour           Summ/Erth      0%         N/A       100%        4
 Freezing Cloud           Conj/Ice/Air   0%         6-21      100%        5
 Ozocubu's Refrigeration  Ice            0%         4d7       100%        7
 Lehudib's Crystal Spear  Conj/Erth      0%         10d2      100%        8


Dungeon Overview and Level Annotations

Branches:
Dungeon (4/15)
 Temple: D:4-7


Innate Abilities, Weirdness & Mutations

You have an increased reservoir of magic. (+10% MP)
You shall have no god before yourself.
Your divine heritage dramatically boosts your attributes as you level up.


Message History

You feel sick. The scorpion completely misses you.
You hit the scorpion.
The scorpion is almost dead.
You feel sick. The scorpion stings you.
You are lethally poisoned!
The scorpion poisons you!
You hit the scorpion.
The scorpion is almost dead.
You feel very sick.
The scorpion stings you but does no damage.
You closely miss the scorpion.
The scorpion is almost dead.
* * * LOW HITPOINT WARNING * * *
You feel very sick. The scorpion barely misses you. The scorpion stings you.
* * * LOW HITPOINT WARNING * * *
You closely miss the scorpion.
The scorpion is almost dead.
* * * LOW HITPOINT WARNING * * *
You feel sick.
The scorpion stings you but does no damage.
You hit the scorpion.
You kill the scorpion!
* * * LOW HITPOINT WARNING * * *
You feel sick.
Your Unarmed Combat skill increases to level 6!
Really quaff the potion of lignification?
You turn into a tree.
Your +1 helmet melds into your body.
Your +0 chain mail melds into your body.
Your roots penetrate the ground.
* * * LOW HITPOINT WARNING * * *
You feel sick.
There is a lethal amount of poison in your body!
It was a potion of cancellation.
Your magical effects are unravelling.
You feel magically purged.
You feel less wooden.
Your +1 helmet unmelds from your body.
Your +0 chain mail unmelds from your body.
You die...

#.......# #.#.....<.#.#
#.......######.#.#####.#.#
........+....#.#.......#.#
........####.#.#######.#.#
........##.............#.#
...#######.#.#.#########.#
...# #.#.#.# #.#
...#######.#.#.### #.#
...'............@# #.#
...#######.#.###.# #.#
...........)...#.#######.#
##########.#.#...........#
...........#.#.#.#########
#######(...#.#.#.#
#.....#..#.###.#
#.##..#..#+###.#
#.#...#......#[#


There were no monsters in sight!

Vanquished Creatures
  A scorpion (D:3)
  Jessica (D:3)
  Natasha (thrice) (D:3)
  2 adders (D:2)
  2 worms (D:2)
  2 dart slugs (D:1)
  An orc (D:3)
  5 endoplasms
  2 giant cockroaches
  2 goblins
  8 hobgoblins
  3 jackals (D:1)
  2 quokkas (D:2)
  4 ball pythons
  6 bats
  4 frilled lizards (D:1)
  2 kobolds
  4 rats
54 creatures vanquished.

Notes
Turn   | Place    | Note
-------+----------+-------------------------------------------
     0 | D:1      | HoaS the Demigod Gladiator began the quest for the Orb.
     0 | D:1      | Reached XP level 1. HP: 17/17 MP: 3/3
   214 | D:1      | Reached skill level 3 in Unarmed Combat
   404 | D:1      | Reached XP level 2. HP: 23/24 MP: 4/4
   794 | D:2      | Identified the +8 flail "Dragonslayer" {flame, rPois}
   915 | D:2      | Reached skill level 4 in Unarmed Combat
   915 | D:2      | Reached XP level 3. HP: 27/29 MP: 5/5
  1483 | D:3      | Noticed Jessica
  1496 | D:3      | Killed Jessica
  1497 | D:3      | Reached XP level 4. HP: 32/36 MP: 6/6
  1624 | D:3      | Noticed Natasha
  1635 | D:3      | Killed Natasha
  1636 | D:3      | Reached skill level 5 in Unarmed Combat
  2031 | D:3      | Noticed Natasha
  2045 | D:3      | Killed Natasha
  2224 | D:3      | Noticed Natasha
  2235 | D:3      | Killed Natasha
  2236 | D:3      | Reached XP level 5. HP: 35/41 MP: 7/7
  2372 | D:3      | HP: 2/41 [poisoned by a scorpion]
  2373 | D:3      | Reached skill level 6 in Unarmed Combat
  2374 | D:3      | Succumbed to a scorpion's poison

Illustrated notes

Levels and vault maps discovered:
D:1:      lemuel_arrival_room, layout_basic
D:2:      minmay_wonky_spiral, layout_rooms
D:3:      layout_basic, ebering_ecumenical_altar_sacrificial,
          minmay_misc_feat_more_columns, uniq_jessica, uniq_natasha
D:4:      layout_rooms, elyvilon_altar_4, nzn_overflow_gifts_of_might_and_magic,
          serial_shops, nicolae_shop_stone, uniq_eustachio, uniq_sigmund

Skill      XL: |  1  2  3  4  5 |
---------------+----------------+-----
Unarmed Combat | 3 4 5 6 |  6.0
Fighting       | |  1.7
Throwing       | |  1.7
Dodging        | |  2.6

Action                   |  1- 3 |  4- 6 || total
-------------------------+-------+-------++-------
Melee: Unarmed           |   196 |    68 ||   264
       Punch             |     2 |       ||     2
  Use: Scroll            |     9 |     2 ||    11
       Potion            |       |     2 ||     2
Armor: Leather armour    |    56 |     8 ||    64
       Chain mail        |       |    25 ||    25
Dodge: Dodged            |   110 |    27 ||   137

Table legend: (Time is in decaauts)
 A = Elapsed time spent in this place.
 B = Non-inter-level travel time spent in this place.
 C = Inter-level travel time spent in this place.
 D = Time resting spent in this place.
 E = Time spent auto-exploring this place.
 F = Levels seen in this place.
 G = Mean time per level.
                   A        B        C        D        E       F      G
               +--------+--------+--------+--------+--------+-----+--------+
         Total |   2353 |   2286 |     67 |    219 |   1434 |   4 |  588.2 |
       Dungeon |   2353 |   2286 |     67 |    219 |   1434 |   4 |  588.2 |
               +--------+--------+--------+--------+--------+-----+--------+

Top non-repeatable levels by time:
     D:3: 1007 daAuts
     D:1: 777 daAuts
     D:2: 555 daAuts
     D:4: 13 daAuts
